 Dungeon Sprint DCSS version 0.22.1-2-g9c5b331 (webtiles) character file.

169712 diana the End of an Era (level 17, -2/109 HPs)
             Began as a Vine Stalker Gladiator on Dec 17, 2018.
             Was the Champion of Qazlal.
             Killed by a guardian mummy's death curse (8 damage)
             ... in the Dungeon (Sprint V: "Ziggurat Sprint").
             The game lasted 00:25:14 (1357 turns).

diana the End of an Era (Vine Stalker Gladiator)    Turns: 1357, Time: 00:25:14

Health: -2/109     AC: 44    Str: 38    XL:     17   Next: 97%
Magic:  0/34       EV: 17    Int: 16    God:    Qazlal [******]
Gold:   0          SH: 48    Dex: 17    Spells: 16/16 levels left

rFire    . . .     SeeInvis +   P - +14 obsidian axe {chop, +Fly SInv *Curse} (curse)
rCold    . . .     Gourm    .   R - +18 shield of the Gong {rElec rN+ MR+ EV-5}
rNeg     + . .     Faith    .   Q - +15 Maxwell's patent armour {-Cast -Tele rElec MR+ rCorr}
rPois    .         Spirit   +   S - +1 helmet {Int+3}
rElec    +         Reflect  +   Z - +2 cloak of Infinity {Int+5}
rCorr    +         Harm     .   O - +2 pair of gloves {Str+3}
MR       ++++.     NoTele   +   (no boots) Stlth ..........NoCast +
                                W - +4 amulet of reflection
HPRegen  1.08/turn              L - +6 ring of strength
MPRegen  0.24/turn              M - +6 ring of strength

@: slowed, repel missiles, very slow
A: fangs 3, regeneration 2, magic shield, antimagic bite, no potion heal 3, rot
immunity
a: Upheaval, Elemental Force, Disaster Area, Renounce Religion, Evoke Flight


You were in the Dungeon.
You worshipped Qazlal.
Qazlal was exalted by your worship.
You were not hungry.

You visited 1 branch

Inventory:

Hand Weapons
 q - a +5 executioner's axe
 r - a +5 broad axe
 P - the cursed +14 obsidian axe (weapon) {chop, +Fly SInv *Curse}
   (You found it in the Dungeon)

   It inflicts extra damage upon your enemies.
   It lets you see invisible.
   It lets you fly.
   It curses itself when equipped.
   It has a curse placed upon it.
Missiles
 d - 10 throwing nets (quivered)
Armour
 l - a +5 crystal plate armour
 m - +5 gold dragon scales
 o - a +3 large shield
 p - a +3 shield
 O - a +2 pair of gloves of strength (worn)
 Q - the +15 Maxwell's patent armour (worn) {-Cast -Tele rElec MR+ rCorr}
   (You found it in the Dungeon)

   It insulates you from electricity.
   It affects your resistance to hostile enchantments.
   It prevents spellcasting.
   It prevents most forms of teleportation.
   It provides partial protection from all sources of acid and corrosion.
 R - the +18 shield of the Gong (worn) {rElec rN+ MR+ EV-5}
   (You found it in the Dungeon)

   It affects your evasion (-5).
   It insulates you from electricity.
   It protects you from negative energy.
   It affects your resistance to hostile enchantments.
 S - a +1 helmet of intelligence (worn)
 Z - the +2 cloak of Infinity (worn) {Int+5}
   (You found it in the Dungeon)

   It affects your intelligence (+5).
Jewellery
 L - a +6 ring of strength (left hand)
 M - a +6 ring of strength (right hand)
 W - a +4 amulet of reflection (around neck)
Wands
 c - a wand of paralysis (8)
 y - a wand of disintegration (7)
 F - a wand of iceblast (7)
 G - a wand of acid (7)
Scrolls
 a - 2 scrolls of brand weapon
 k - 4 scrolls of blinking
 s - 4 scrolls of amnesia
 t - 8 scrolls of fog
 u - a scroll of holy word
 v - 2 scrolls of identify
 w - 5 scrolls of remove curse
 x - 2 scrolls of fear
 T - 10 scrolls of enchant armour
Potions
 e - 10 potions of curing
 h - 11 potions of haste
 i - 5 potions of magic
 j - 3 potions of berserk rage
 z - 2 potions of brilliance
 A - 2 potions of invisibility
 B - 4 potions of resistance
 D - 6 potions of agility
 E - 7 potions of might
 Y - a potion of ambrosia
Miscellaneous
 b - 14 boxes of beasts
 C - 8 sacks of spiders
Comestibles
 f - 8 rations


   Skills:
 + Level 20.8 Fighting
 - Level 18.0 Axes
 - Level 1.7 Throwing
 + Level 19.3 Armour
 + Level 19.4 Dodging
 + Level 20.4 Shields
 * Level 24.4 Invocations


You had 16 spell levels left.
You didn't know any spells.
Your spell library was empty.

Dungeon Overview and Level Annotations

Branches:
Dungeon (1/1)

Altars:
Ashenzari
Cheibriados
Dithmenos
Elyvilon
Fedhas
Gozag
Hepliaklqana
Kikubaaqudgha
Makhleb
Nemelex Xobeh
Okawaru
Qazlal
Ru
Sif Muna
Trog
Uskayaw
Vehumet
Wu Jian
Xom
Yredelemnul
Zin
The Shining One
Beogh
Jiyva
Lugonu


Innate Abilities, Weirdness & Mutations

You have razor-sharp teeth.
You heal very quickly.
When hurt, damage is shared between your health and your magic reserves.
Your bite disrupts and absorbs the magic of your enemies.
Potions cannot restore your health.
You are immune to rotting.


Message History

The greater mummy is heavily damaged.
The cutting wind hits the emperor scorpion.
You kill the emperor scorpion!
The emperor scorpion's corpse disappears in a puff of smoke!
The cutting wind hits the emperor scorpion.
The emperor scorpion is heavily wounded.
The blast of magma engulfs the guardian mummy.
You destroy the guardian mummy!
Qazlal accepts your kill.
You feel extremely nervous for a moment...
Pain shoots through your body!
* * * LOW HITPOINT WARNING * * *
The blast of magma engulfs the guardian mummy.
The guardian mummy is almost destroyed.
The blast of rubble hits the guardian mummy.
You destroy the guardian mummy!
Qazlal accepts your kill.
You feel extremely nervous for a moment...
Pain shoots through your body!
You die...

|}.}}§}§s§≈≈|≈)
=M:=.MM§§§§?=M)
:):=|≈§§§≈≈≈)M:
..≈.≈§).§≈..?MM
..≈≈.M....≈M§§.
......MM.§..§..
.≈..≈≈.s§8.§§..
.....§z@.§...§§
.....§..§....§§
.....§...§...§.
.........§.....
...▓.......▓...
.. ▓▓..§..▓▓ ..
...▓.......▓...
...............
...............


You could see 4 greater mummies, an emperor scorpion, 5 guardian mummies, an
ushabti, a death scarab, a flying skull and 2 mummies.

Vanquished Creatures
  Cerebov (D)
  Mnoleg (D)
  the Serpent of Hell (D)
  Lom Lobon (D)
  Khufu (D)
  An ancient lich (D)
  Sojobo (D)
  A shard shrike (D)
  the Lernaean hydra (D)
  Xtahua (D)
  A lich (D)
  Murray (D)
  A deep elf master archer (D)
  Frances (D)
  Gastronok (D)
  Chuck (D)
  An ironheart preserver (D)
  A spriggan defender (D)
  A very ugly thing (D)
  Nessos (D)
  A deep elf annihilator (D)
  2 vampire knights (D)
  An apis (D)
  Azrael (D)
  6 merfolk javelineers (D)
  A deep elf death mage (D)
  Erolcha (D)
  2 merfolk impalers (D)
  Harold (D)
  A great orb of eyes (D)
  2 mummy priests (D)
  A death ooze (D)
  An ice dragon (D)
  A vault guard (D)
  3 spriggan air magi (D)
  An anaconda (shapeshifter) (D)
  2 merfolk aquamancers (D)
  A satyr (D)
  An alligator snapping turtle (D)
  3 anacondas (D)
  A two-headed ogre (D)
  A satyr (shapeshifter) (D)
  2 death scarabs (D)
  2 thrashing horrors (D)
  3 dancing weapons (D)
  An orc high priest (D)
  A vampire mage (D)
  9 spriggan berserkers (D)
  Sonja (D)
  4 deep elf knights (D)
  6 skeletal warriors (D)
  5 spriggan druids (D)
  A deep troll (shapeshifter) (D)
  2 glowing orange brains (D)
  4 sea snakes (D)
  2 shambling mangroves (D)
  A deep elf archer (D)
  A wizard (D)
  2 necromancers (D)
  A harpy (shapeshifter) (D)
  3 ugly things (D)
  A wolf spider (D)
  8 deep elf magi (D)
  2 cyclopes (D)
  2 worldbinders (D)
  A shining eye (D)
  A faun (D)
  2 water nymphs (D)
  A moth of wrath (D)
  Maurice (D)
  A guardian serpent (shapeshifter) (D)
  Psyche (D)
  A kobold demonologist (D)
  A yaktaur (D)
  6 ice devils (D)
  8 freezing wraiths (D)
  12 guardian mummies (D)
  5 merfolk (D)
  A meliai (shapeshifter) (D)
  6 hornets (D)
  3 wind drakes (D)
  2 slime creatures (D)
  Grinder (D)
  A merfolk (shapeshifter) (D)
  Prince Ribbit (D)
  A hippogriff (shapeshifter) (D)
  A raiju (D)
  A snapping turtle (D)
  3 flying skulls (D)
  8 starcursed masses (D)
  2 water elementals (D)
  3 spriggans (D)
  An air elemental (D)
  Sigmund (D)
  2 vampires (D)
  A redback (D)
  2 ushabtiu (D)
  10 shadows (D)
  A hog (shapeshifter) (D)
  A basilisk (D)
  2 tarantellas (D)
  A golden eye (shapeshifter) (D)
  3 yaks (D)
  4 golden eyes (D)
  2 chaos spawn (D)
  2 neqoxecs (D)
  A warg (D)
  A water moccasin (D)
  A floating eye (D)
  A sky beast (D)
  4 orc warriors (D)
  An eye of draining (D)
  2 ogres (D)
  3 phantoms (D)
  An ice beast (D)
  A small abomination (D)
  3 necrophages (D)
  4 wolves (D)
  A centaur (D)
  A crocodile (D)
  Blork the orc (D)
  2 earth elementals (D)
  2 scorpions (D)
  4 wights (D)
  3 quasits (D)
  Crazy Yiuf (D)
  2 jellies (D)
  2 orc priests (D)
  3 orc wizards (D)
  5 iron imps (D)
  An iguana (D)
  9 mummies (D)
  A river rat (D)
  2 shadow imps (D)
  4 white imps (D)
  2 ufetubi (D)
  4 adder zombies (D)
  9 adder skeletons (D)
  2 ball lightnings (D)
  3 orcs (D)
  8 bat skeletons (D)
  2 bat zombies (D)
  2 jackals (D)
  A ball python zombie (D)
  2 jackal skeletons (D)
  3 leopard gecko skeletons (D)
  A leopard gecko zombie (D)
  A quokka skeleton (D)
  4 butterflies (D)
338 creatures vanquished.

Vanquished Creatures (collateral kills)
  A bone dragon (D)
  A thrashing horror (D)
  2 ugly things (D)
  A water nymph (shapeshifter) (D)
  2 yaktaurs (D)
  A phantom (D)
  A wolf (shapeshifter) (D)
  A scorpion (shapeshifter) (D)
  A bat skeleton (D)
11 creatures vanquished.

Vanquished Creatures (others)
  Dissolution (D)
  Mara (D)
  Polyphemus (D)
  An eldritch tentacle (D)
  Aizul (D)
  Joseph (D)
6 creatures vanquished.

Grand Total: 355 creatures vanquished

Notes
Turn   | Place    | Note
-------+----------+-------------------------------------------
     0 | D        | Found the +6 Majin-Bo {vamp, Archmagi MP+6 Int+6}
     0 | D        | Found the +7 great mace "Firestarter" {inner flame, rF++}
     0 | D        | diana the Vine Stalker Gladiator began the quest for the
                  | Orb.
     0 | D        | Reached XP level 1. HP: 11/11 MP: 2/2
     0 | D        | Found a blossoming altar of Fedhas.
     6 | D        | Found a viscous altar of Jiyva.
     6 | D        | Found a hazy altar of Hepliaklqana.
     6 | D        | Found a transporter.
     6 | D        | Found an opulent altar of Gozag.
     6 | D        | Found an ancient bone altar of Kikubaaqudgha.
     6 | D        | Found a corrupted altar of Lugonu.
    25 | D        | Found a burning altar of Makhleb.
    26 | D        | Found a sacrificial altar of Ru.
    26 | D        | Found a stormy altar of Qazlal.
    26 | D        | Found a deep blue altar of Sif Muna.
    26 | D        | Found an iron altar of Okawaru.
    26 | D        | Found a bloodstained altar of Trog.
    26 | D        | Found a sparkling altar of Nemelex Xobeh.
    45 | D        | Found the +9 heavy crossbow "Sniper" {velocity, Acc+∞ SInv}
    45 | D        | Found the +10 dark maul {crush}
    45 | D        | Found the +15 Maxwell's patent armour {-Cast -Tele rElec
                  | MR+ rCorr}
    45 | D        | Found the +18 shield of the Gong {rElec rN+ MR+ EV-5}
    45 | D        | Found the cursed +14 obsidian axe {chop, +Fly SInv *Curse}
    47 | D        | Found the +6 shillelagh "Devastator" {shatter}
    47 | D        | Found the +11 plutonium sword {*Contam Stlth-}
    47 | D        | Found the +8 lance "Wyrmbane" {slay drac, rPois rF+ rC+
                  | AC+3}
    47 | D        | Found the +9 sword of Zonguldrok {reap}
    47 | D        | Found the cursed +13 scythe of Curses {drain, *Curse}
    47 | D        | Found the +0 sword of Power
    47 | D        | Found the +7 mace of Variability {chain chaos}
    47 | D        | Found the +7 Singing Sword
    47 | D        | Found the +7 longbow "Piercer" {penet, EV-2}
    95 | D        | Reached skill level 2 in Invocations
    95 | D        | Reached XP level 2. HP: 16/16 MP: 2/4
   108 | D        | Became a worshipper of Qazlal Stormbringer
   119 | D        | Entered arena 2.
   119 | D        | Noticed a scorpion
   119 | D        | Noticed a scorpion
   119 | D        | Found a transporter.
   122 | D        | Killed a scorpion
   122 | D        | Reached skill level 5 in Axes
   122 | D        | Reached XP level 3. HP: 21/21 MP: 5/5
   122 | D        | Gained mutation: Your natural rate of healing is unusually
                  | fast. [Vine Stalker growth]
   122 | D        | Reached XP level 4. HP: 25/25 MP: 6/6
   129 | D        | Entered arena 3.
   129 | D        | Found a transporter.
   132 | D        | Reached * piety under Qazlal
   133 | D        | Reached XP level 5. HP: 30/30 MP: 7/7
   139 | D        | Entered arena 4.
   139 | D        | Noticed a phantom
   139 | D        | Noticed a necrophage
   139 | D        | Found a transporter.
   141 | D        | Reached ** piety under Qazlal
   143 | D        | Killed a necrophage
   143 | D        | Reached skill level 5 in Fighting
   143 | D        | Reached skill level 5 in Dodging
   148 | D        | Killed a phantom
   148 | D        | Reached XP level 6. HP: 35/35 MP: 7/9
   151 | D        | Entered arena 5.
   151 | D        | Noticed a phantom
   151 | D        | Noticed a phantom
   151 | D        | Noticed a necrophage
   151 | D        | Found a transporter.
   154 | D        | Killed a necrophage
   154 | D        | Reached *** piety under Qazlal
   154 | D        | Reached skill level 3 in Invocations
   156 | D        | Killed a phantom
   157 | D        | Killed a phantom
   157 | D        | Reached **** piety under Qazlal
   157 | D        | Reached skill level 5 in Armour
   157 | D        | Reached XP level 7. HP: 38/39 MP: 7/10
   165 | D        | Entered arena 6.
   165 | D        | Noticed a purple ugly thing
   165 | D        | Noticed a brown ugly thing
   165 | D        | Noticed a brown ugly thing
   165 | D        | Found a transporter.
   169 | D        | Killed a red ugly thing
   169 | D        | Reached skill level 4 in Invocations
   169 | D        | Reached skill level 5 in Invocations
   171 | D        | Killed a purple ugly thing
   171 | D        | Reached skill level 10 in Axes
   171 | D        | Reached skill level 5 in Shields
   171 | D        | Gained mutation: You have razor-sharp teeth. [Vine Stalker
                  | growth]
   171 | D        | Reached XP level 8. HP: 45/45 MP: 11/13
   173 | D        | Killed a purple ugly thing
   173 | D        | Reached skill level 6 in Invocations
   173 | D        | Reached ***** piety under Qazlal
   181 | D        | Entered arena 7.
   181 | D        | Noticed a yaktaur
   181 | D        | Noticed a wizard
   181 | D        | Noticed a yaktaur
   181 | D        | Noticed a yaktaur
   181 | D        | Noticed a vault guard
   181 | D        | Noticed an ironheart preserver
   182 | D        | Found the +5 robe of Night {Dark MR+ SInv}
   183 | D        | Found a transporter.
   188 | D        | Killed a yaktaur
   188 | D        | Reached XP level 9. HP: 50/50 MP: 14/14
   189 | D        | Killed a wizard
   191 | D        | Killed a vault guard
   191 | D        | Reached skill level 7 in Invocations
   192 | D        | Killed an ironheart preserver
   192 | D        | Reached skill level 8 in Invocations
   192 | D        | Reached XP level 10. HP: 57/57 MP: 15/17
   201 | D        | Entered arena 8.
   201 | D        | Noticed a spriggan rider
   201 | D        | Noticed a spriggan druid
   206 | D        | Found a transporter.
   208 | D        | Killed a spriggan druid
   209 | D        | Killed a spriggan rider
   209 | D        | Reached ****** piety under Qazlal
   209 | D        | Reached skill level 9 in Invocations
   221 | D        | Entered arena 9.
   222 | D        | Found a transporter.
   248 | D        | Entered arena 10.
   250 | D        | Found a transporter.
   254 | D        | Reached XP level 11. HP: 63/63 MP: 13/18
   263 | D        | Entered arena 11.
   263 | D        | Noticed a starcursed mass
   263 | D        | Noticed a bone dragon
   263 | D        | Noticed a thrashing horror
   266 | D        | Killed a thrashing horror
   267 | D        | Found a transporter.
   273 | D        | Killed a starcursed mass
   276 | D        | Reached skill level 10 in Fighting
   278 | D        | Killed a bone dragon
   278 | D        | Reached skill level 10 in Invocations
   283 | D        | Killed a starcursed mass
   284 | D        | Killed a starcursed mass
   388 | D        | Entered arena 12.
   388 | D        | Noticed a worldbinder
   389 | D        | Noticed a thrashing horror
   390 | D        | Killed a worldbinder
   390 | D        | Reached skill level 10 in Dodging
   392 | D        | Found a transporter.
   393 | D        | Killed a thrashing horror
   402 | D        | Entered arena 13.
   402 | D        | Noticed an orc high priest
   402 | D        | Noticed a moth of wrath
   402 | D        | Noticed a two-headed ogre
   404 | D        | Found a transporter.
   408 | D        | Killed a two-headed ogre
   408 | D        | Reached skill level 10 in Shields
   408 | D        | Gained mutation: You heal very quickly. [Vine Stalker
                  | growth]
   408 | D        | Reached XP level 12. HP: 62/70 MP: 2/21
   409 | D        | Reached skill level 10 in Armour
   411 | D        | Killed an orc high priest
   411 | D        | Reached skill level 11 in Invocations
   516 | D        | Entered arena 14.
   516 | D        | Noticed a merfolk javelineer
   517 | D        | Noticed a merfolk javelineer
   517 | D        | Noticed a merfolk aquamancer
   517 | D        | Noticed a merfolk javelineer
   518 | D        | Noticed an alligator snapping turtle
   518 | D        | Noticed a merfolk javelineer
   519 | D        | Found a transporter.
   520 | D        | Reached skill level 15 in Axes
   520 | D        | Killed a merfolk javelineer
   520 | D        | Killed a merfolk javelineer
   521 | D        | Killed a merfolk aquamancer
   521 | D        | Killed a merfolk javelineer
   539 | D        | Killed an alligator snapping turtle
   542 | D        | Killed a merfolk javelineer
   556 | D        | Entered arena 15.
   556 | D        | Noticed a death ooze
   559 | D        | Reached skill level 12 in Invocations
   561 | D        | Noticed a great orb of eyes
   563 | D        | Killed a death ooze
   567 | D        | Found a transporter.
   568 | D        | Killed a great orb of eyes
   568 | D        | Reached XP level 13. HP: 66/75 MP: 17/23
   590 | D        | Entered arena 16.
   590 | D        | Noticed a starcursed mass
   593 | D        | Found a transporter.
   695 | D        | Entered arena 17.
   698 | D        | Noticed a brown very ugly thing
   699 | D        | Found the +3 giant club "Skullcrusher" {speed, Str+7}
   700 | D        | Reached skill level 13 in Invocations
   703 | D        | Found a transporter.
   715 | D        | Killed a green very ugly thing
   802 | D        | Entered arena 18.
   804 | D        | Noticed a merfolk impaler
   804 | D        | Noticed a merfolk javelineer
   805 | D        | Noticed a merfolk javelineer
   805 | D        | Noticed a merfolk impaler
   808 | D        | Killed a merfolk javelineer
   808 | D        | Killed a merfolk impaler
   808 | D        | Reached XP level 14. HP: 57/82 MP: 16/25
   815 | D        | Found a transporter.
   817 | D        | Reached skill level 14 in Invocations
   860 | D        | Entered arena 19.
   883 | D        | Found a transporter.
   912 | D        | Entered arena 20.
   917 | D        | Noticed a deep elf master archer
   918 | D        | Killed a deep elf master archer
   918 | D        | Noticed a deep elf annihilator
   919 | D        | Reached skill level 15 in Invocations
   921 | D        | Killed a deep elf annihilator
   924 | D        | Found a transporter.
   934 | D        | Reached skill level 15 in Fighting
   979 | D        | Entered arena 21.
   979 | D        | Noticed a vampire knight
   984 | D        | Killed a vampire knight
   986 | D        | Noticed a vampire knight
   986 | D        | Noticed a lich
   988 | D        | Noticed an ancient lich
   991 | D        | Killed a lich
   991 | D        | Reached XP level 15. HP: 90/90 MP: 7/27
   992 | D        | Reached skill level 16 in Invocations
   995 | D        | Found a transporter.
  1001 | D        | Killed an ancient lich
  1001 | D        | Reached skill level 15 in Shields
  1013 | D        | Entered arena 22.
  1016 | D        | Noticed a shard shrike
  1025 | D        | Killed a shard shrike
  1025 | D        | Reached skill level 15 in Armour
  1025 | D        | Reached skill level 15 in Dodging
  1035 | D        | Found a transporter.
  1046 | D        | Entered arena 23.
  1054 | D        | Reached skill level 17 in Invocations
  1063 | D        | Reached skill level 18 in Invocations
  1063 | D        | Reached XP level 16. HP: 71/98 MP: 10/30
  1070 | D        | Found a transporter.
  1085 | D        | Entered arena 24.
  1090 | D        | Noticed Aizul
  1091 | D        | Noticed Prince Ribbit
  1091 | D        | Noticed Polyphemus
  1091 | D        | Noticed Nessos
  1091 | D        | Noticed Lom Lobon
  1091 | D        | Noticed Chuck
  1091 | D        | Noticed the 27-headed Lernaean hydra
  1092 | D        | Noticed Murray
  1092 | D        | Noticed Azrael
  1092 | D        | Noticed Psyche
  1092 | D        | Noticed Sojobo
  1092 | D        | Noticed Harold
  1093 | D        | Noticed Dissolution
  1093 | D        | Noticed Maurice
  1093 | D        | Noticed Erolcha
  1093 | D        | Noticed Gastronok
  1093 | D        | Noticed Mnoleg
  1093 | D        | Noticed Khufu
  1094 | D        | Killed Psyche
  1094 | D        | Killed Azrael
  1094 | D        | Noticed the Serpent of Hell
  1094 | D        | Noticed Grinder
  1094 | D        | Noticed Sonja
  1094 | D        | Noticed Xtahua
  1094 | D        | Noticed Mara
  1095 | D        | Killed the 27-headed Lernaean hydra
  1095 | D        | Killed Sonja
  1095 | D        | Killed Nessos
  1095 | D        | Killed Sojobo
  1095 | D        | Noticed Crazy Yiuf
  1095 | D        | Noticed Joseph
  1095 | D        | Noticed Frances
  1096 | D        | Killed Maurice
  1096 | D        | Killed Erolcha
  1096 | D        | Reached skill level 19 in Invocations
  1096 | D        | Killed Prince Ribbit
  1096 | D        | Killed Joseph
  1097 | D        | Killed Blork the orc
  1097 | D        | Killed Dissolution
  1097 | D        | Killed Chuck
  1097 | D        | Killed Lom Lobon
  1097 | D        | Reached skill level 20 in Invocations
  1097 | D        | Killed Grinder
  1097 | D        | Killed Crazy Yiuf
  1097 | D        | Killed Sigmund
  1097 | D        | Killed Polyphemus
  1097 | D        | Noticed Cerebov
  1097 | D        | Noticed diana's illusion
  1099 | D        | Killed Mara
  1099 | D        | Killed Aizul
  1099 | D        | Reached skill level 21 in Invocations
  1100 | D        | Killed Frances
  1100 | D        | Killed Harold
  1100 | D        | Killed the Serpent of Hell
  1100 | D        | Reached XP level 17. HP: 21/107 MP: 11/32
  1100 | D        | Killed Mnoleg
  1100 | D        | Reached skill level 22 in Invocations
  1103 | D        | Killed Xtahua
  1103 | D        | Killed Gastronok
  1107 | D        | Killed Murray
  1108 | D        | Killed Khufu
  1108 | D        | Reached skill level 23 in Invocations
  1114 | D        | HP: 4/108 [Cerebov/great serpentine sword {flame} (11)]
  1123 | D        | Killed Cerebov
  1123 | D        | Reached skill level 24 in Invocations
  1280 | D        | Found a transporter.
  1299 | D        | Got the +2 cloak of Infinity {Int+5}
  1346 | D        | Entered arena 25.
  1353 | D        | Noticed a greater mummy
  1354 | D        | Noticed a greater mummy
  1355 | D        | Noticed a greater mummy
  1356 | D        | Noticed a greater mummy
  1357 | D        | Killed by a guardian mummy's death curse

Skill      XL: |  1  2  3  4  5  6  7  8  9 10 11 12 13 14 15 16 17 |
---------------+----------------------------------------------------+-----
Fighting       | 3 4 5 6 7 8 9 11 12 13 15 17 19 20 | 20.8
Axes           | 4 5 6 7 8 10 12 13 14 16 18 | 18.0
Armour         | 2 3 4 5 6 7 8 9 11 12 14 15 17 19 | 19.3
Dodging        | 3 4 5 6 7 8 9 10 11 12 14 16 18 19 | 19.4
Shields        | 2 3 5 7 8 10 11 12 14 16 19 20 | 20.4
Invocations    | 2 3 5 6 8 9 10 12 13 15 18 21 24 | 24.4
Throwing       | |  1.7

Action                   |  1- 3 |  4- 6 |  7- 9 | 10-12 | 13-15 | 16-18 || total
-------------------------+-------+-------+-------+-------+-------+-------++-------
Melee: Broad axe         |     2 |    12 |    14 |    59 |    72 |    24 ||   183
       Bite              |     2 |     2 |     7 |    27 |    24 |    17 ||    79
Throw: Throwing net      |       |       |       |     1 |       |       ||     1
Invok: Upheaval          |       |       |     1 |     7 |     3 |     2 ||    13
       Disaster Area     |       |       |       |     6 |    17 |    12 ||    35
 Abil: Evoke Flight      |     1 |       |       |       |       |       ||     1
  Use: Potion            |     1 |       |       |       |       |     3 ||     4
       Scroll            |       |       |       |       |     2 |     4 ||     6
 Stab: Distracted        |       |       |       |       |     1 |       ||     1
  Eat: Chunk             |       |       |       |       |       |     2 ||     2
Armor: Plate armour      |     1 |     4 |     2 |    17 |    17 |    19 ||    60
Dodge: Dodged            |       |       |     2 |     6 |    10 |    11 ||    29
       Deflected         |       |       |       |     1 |     3 |       ||     4
Block: Shield            |     2 |    17 |    21 |   128 |   124 |    82 ||   374
       Reflection        |       |       |       |       |       |     5 ||     5
